 Dungeon Crawl Stone Soup version 0.18-a0-987-g0b0e4e7 (webtiles) character file.

45 Jmtri7 the Poker (level 3, 0/30 HPs)
             Began as a Merfolk Gladiator on Jan 3, 2016.
             Slain by Robin
             ... wielding a +1 spear of piercing
              (1 damage)
             ... on level 2 of the Dungeon.
             The game lasted 00:05:14 (995 turns).

Jmtri7 the Poker (Merfolk Gladiator)                 Turns: 995, Time: 00:05:14

Health: 0/30       AC:  8    Str: 20    XL:     3   Next: 64%
Magic:  2/2        EV: 19    Int:  7    God:
Gold:   68         SH:  0    Dex: 19    Spells: 0 memorised, 2 levels left

rFire  . . .     SeeInvis .     i - +0 dagger (flame)
rCold  . . .     Gourm    .     b - +0 leather armour
rNeg   . . .     Faith    .     (no shield)
rPois  .         Spirit   .     c - +0 helmet
rElec  .         Dismiss  .     (no cloak)
rCorr  .         Reflect  .     (no gloves)
SustAt .         Harm     .     (no boots)
MR     .....                    (no amulet)
Stlth  ++........               (no ring)
                                (no ring)

@: mighty, agile, not resistant to hostile enchantments, unstealthy
A: change form in water, swift swim, rough black scales 1, low mp 1, wild magic
1
a: no special abilities


You were on level 2 of the Dungeon.
You were hungry.

You visited 1 branch of the dungeon, and saw 2 of its levels.

You collected 68 gold pieces.

Inventory:

Hand Weapons
 a - a +0 trident
 i - a +0 dagger of flaming (weapon)
Missiles
 d - 3 throwing nets (quivered)
 l - 5 javelins of penetration
Armour
 b - a +0 leather armour (worn)
 c - a +0 helmet (worn)
Scrolls
 e - 2 scrolls of identify {unknown}
 j - a scroll of fog {unknown}
 n - a scroll of magic mapping {unknown}
 o - a scroll of remove curse {unknown}
 p - a scroll of recharging {unknown}
Potions
 h - a potion of agility
Comestibles
 f - 2 bread rations


   Skills:
 + Level 4.2 Fighting
 - Level 4.4 Polearms
 - Level 2.0 Throwing
 - Level 4.0 Dodging


You had 2 spell levels left.
You didn't know any spells.

Dungeon Overview and Level Annotations

Branches:
Dungeon (2/15)

Altars:

Annotations:
D:2 Robin


Innate Abilities, Weirdness & Mutations

You revert to your normal form in water.
You are very nimble and swift while swimming.
You are partially covered in rough black scales (AC +4, Dex -1).
Your magical capacity is low (-10% MP).
Your spells are a little harder to cast, but a little more powerful.


Message History

* * * LOW HITPOINT WARNING * * *
x2 The kobold misses you.
It was a potion of heal wounds.
You feel much better.
You are feeling hungry.
Robin hits you with a spear of piercing.
The kobold barely misses you.
It was a potion of agility.
You feel agile all of a sudden.
Robin hits you with a spear of piercing.
* * * LOW HITPOINT WARNING * * *
x2 The kobold misses you.
It was a potion of might.
You feel very mighty all of a sudden. Robin closely misses you.
The kobold barely misses you.
It was a potion of mutation.
You feel extremely strange.
You feel less energetic.
You feel less in control of your magic.
Rough black scales grow over part of your body.
Robin hits you with a spear of piercing.
* * * LOW HITPOINT WARNING * * *
You die...

##.#..##.#.# .#
##.##.......# .#
####.##......#.###.###
..........#...........
######...##.###...###
# ##.###.........# #
#.# ######K##.... #
#.# #K# # # #.# #@# #
#.# #g# #######.# #g#
........# #..
######### ###


You could see Robin, a hobgoblin (frenzied) and 2 kobolds.

Vanquished Creatures
  An ooze (D:1)
  2 giant geckos (D:1)
  A ball python (D:1)
  3 bats
  3 giant cockroaches (D:1)
  2 hobgoblins
  2 jackals (D:1)
  A giant newt (D:1)
  10 goblins
  3 kobolds
  8 rats (D:1)
36 creatures vanquished.

Notes
Turn   | Place    | Note
--------------------------------------------------------------
     0 | D:1      | Jmtri7 the Merfolk Gladiator began the quest for the Orb.
     0 | D:1      | Reached XP level 1. HP: 16/16 MP: 1/1
   409 | D:1      | Reached XP level 2. HP: 21/23 MP: 2/2
   592 | D:1      | Reached XP level 3. HP: 24/30 MP: 3/3
   974 | D:2      | Noticed Robin
   995 | D:2      | Gained mutation: Your magical capacity is low (-10% MP). [potion of mutation]
   995 | D:2      | Gained mutation: Your spells are a little harder to cast, but a little more powerful. [potion of mutation]
   995 | D:2      | Gained mutation: You are partially covered in rough black scales (AC +4, Dex -1). [potion of mutation]
   995 | D:2      | HP: 1/30 [Robin/spear of piercing (4)]
   995 | D:2      | Slain by Robin

Vault maps used:
D:1:      dpeg_arrival_concentric_ovals
D:2:      vehumet_crystals, ecumenical_altar_2, uniq_crazy_yiuf_cottage,
          uniq_robin, uniq_iyjb

Action                   || total
-------------------------++-------
Melee: Trident           ||    60
       Dagger            ||    75
  Use: Potion            ||     4
 Stab: Sleeping          ||     1
